Map: Ephemeron LE

Players

Trap - Winner!

  • Race: Protoss Protoss
  • Spawn Location: 5:00

uThermal

  • Race: Terran Terran
  • Spawn Location: 11:00

Event: IEM Katowice 2020

VOD

Have the link to the VOD?

Description

Time

  • Played on: Feb. 25, 2020, 2:39 p.m.
  • Length: 5:15

All games in this series

Show
View Real Time Build Order
Export as new Build Order

Trap Protoss - Winner!

Build Orders: 1 Gate Expand, Blink Stalkers 

Get SALT Encoding   

  12  0:00  Probe  
  13  0:12  Probe  
  14  0:17  Pylon  
  14  0:25  Probe  
  15  0:37  Probe (Chrono Boost)  
  15  0:39  Gateway  
  16  0:47  Probe (Chrono Boost), Assimilator  
  17  0:51  Probe (Chrono Boost)  
  18  1:03  Probe  
  19  1:15  Probe  
  20  1:26  Cybernetics Core  
  20  1:33  Nexus  
  20  1:40  Pylon  
  20  1:43  Probe  
  21  1:51  Assimilator  
  21  1:55  Probe  
  21  1:59  Adept (Chrono Boost)  
  22  2:02  Warp Gate  
  22  2:07  Probe  
  25  2:19  Probe, Adept (Chrono Boost)  
  28  2:31  Probe  
  28  2:32  Twilight Council  
  29  2:40  Adept (Chrono Boost)  
  31  2:44  Probe  
  31  2:45  Probe  
  33  2:56  Probe  
  33  2:58  Probe  
  35  3:01  Stalker  
  35  3:05  Blink (Chrono Boost)  
  37  3:10  Probe (Chrono Boost)  
  37  3:11  Probe (Chrono Boost)  
  40  3:21  Probe (Chrono Boost)  
  40  3:25  Probe (Chrono Boost)  
  40  3:27  Probe (Chrono Boost)  
  39  3:33  Probe  
  41  3:36  Probe  
  41  3:38  Robotics Facility  
  42  3:45  Probe  
  44  3:48  Probe  
  44  3:55  Stalker  
  44  3:56  Gateway  
  44  3:59  Pylon  
  48  4:17  Probe x2  
  48  4:20  Pylon, Nexus  
  48  4:24  Shield Battery  
  48  4:27  Stalker, Observer  
  48  4:29  Probe x2  
  53  4:32  Pylon  
  53  4:40  Gateway  
  53  4:41  Probe x2  
  55  4:45  Gateway  
  55  4:47  Assimilator  
  55  4:49  Observer  
  55  4:50  Shield Battery  
  56  4:55  Stalker  
  56  4:56  Stalker  
  60  5:00  Pylon  
Show
View Real Time Build Order
Export as new Build Order

uThermal Terran 

Build Orders: Banshee Rush 

Get SALT Encoding   

  12  0:01  SCV  
  13  0:13  SCV  
  14  0:16  Supply Depot  
  14  0:25  SCV  
  15  0:38  SCV, Barracks  
  16  0:43  Refinery  
  16  0:50  SCV  
  17  1:02  SCV  
  18  1:14  SCV  
  20  1:25  Reaper  
  20  1:26  Orbital Command  
  20  1:46  Command Center  
  20  1:53  SCV, Supply Depot  
  21  1:57  Marine  
  22  2:05  SCV  
  22  2:08  Factory  
  23  2:14  Refinery  
  23  2:17  SCV  
  23  2:19  Barracks Reactor  
  24  2:29  SCV  
  25  2:41  SCV  
  25  2:52  Starport, Hellion  
  25  2:53  SCV  
  25  2:56  Marine x2  
  25  2:57  Orbital Command  
  30  3:05  SCV  
  31  3:13  Factory Tech Lab  
  31  3:14  Marine x2  
  31  3:17  SCV  
  34  3:22  SCV  
  33  3:30  SCV  
  33  3:32  Marine x2  
  35  3:34  SCV  
  35  3:42  SCV  
  35  3:44  Banshee  
  35  3:45  Cloaking Field, Factory Tech Lab  
  35  3:47  SCV  
  36  3:49  Marine x2  
  36  3:54  SCV  
  38  3:59  SCV  
  38  4:05  Siege Tank  
  38  4:06  SCV  
  38  4:07  Marine x2  
  40  4:11  SCV  
  38  4:18  SCV  
  38  4:24  SCV, Supply Depot  
  39  4:25  Marine x2  
  39  4:27  Banshee  
  44  4:32  SCV  
  44  4:36  SCV, Supply Depot  
  46  4:45  Marine x2, Supply Depot  
  51  4:46  SCV  
  51  4:48  SCV  
  53  4:58  Command Center  
  53  4:59  SCV  
  54  5:00  SCV  

Tags
 
Add a new tag
Caveats
  • Supply blocks, unpowered buildings, or Contaminate may cause inaccurate times.
  • Supply counts are checked every 10 seconds.